 Dungeon Crawl Stone Soup version 0.26.0-9-gab577f9fc5 (webtiles) character file.

Game seed: 10596160354191652769

1156 rabbi the Arsonist (level 8, -1/47 HPs)
             Began as an Octopode Fire Elementalist on Jan 13, 2021.
             Slain by a sky beast (6 damage)
             ... on level 5 of the Dungeon.
             The game lasted 00:10:11 (8778 turns).

rabbi the Arsonist (Octopode Fire Elementalist)     Turns: 8778, Time: 00:10:12

Health: -1/47      AC:  2    Str:  7    XL:     8   Next: 39%
Magic:  9/12       EV: 13    Int: 20    God:
Gold:   308        SH:  0    Dex: 12    Spells: 4/11 levels left

rFire    . . .     SeeInvis .   c - +0 falchion (vamp)
rCold    . . .     Faith    .   (no shield)
rNeg     . . .     Spirit   .   (helmet restricted)
rPois    .         Reflect  .   p - amulet of the acrobat
rElec    .         Harm     .   (no ring)
rCorr    .         Rampage  .   (no ring)
Will     .....                  (no ring)
Stlth    +++.......             (no ring)
HPRegen  0.15/turn              (no ring)
MPRegen  0.13/turn              (no ring)
                                (no ring)
                                (no ring)

@: about to teleport
A: almost no armour, stealthy swim, amphibious, 8 rings, constrict 8, rugged
brown scales 1, camouflage 1, high mp 1, gelatinous body 1, subdued magic 1
a: no special abilities


You were on level 5 of the Dungeon.
You visited 1 branch of the dungeon, and saw 5 of its levels.

You collected 308 gold pieces.

Inventory:

Hand Weapons
 c - a +0 vampiric falchion (weapon)
Jewellery
 f - an uncursed amulet of guardian spirit
 p - an amulet of the acrobat (around mantle)
Wands
 i - a wand of polymorph (10)
 n - a wand of flame (18)
Scrolls
 a - 2 scrolls of identify
 b - 4 scrolls of fog
 e - a scroll of teleportation
 o - a scroll of remove curse
Potions
 d - a potion of brilliance {unknown}
 h - 2 potions of flight
 l - a potion of haste


   Skills:
 - Level 2.0 Dodging
 - Level 2.6 Stealth
 - Level 2.0 Spellcasting
 - Level 5.3 Conjurations
 * Level 8.7 Fire Magic


You had 4 spell levels left.
You knew the following spells:

 Your Spells              Type           Power        Failure   Level
a - Foxfire               Conj/Fire      92%          1%          1
b - Conjure Flame         Conj/Fire      23%          1%          3
c - Inner Flame           Hex/Fire       14%          6%          3

Your spell library contained the following spells:

 Spells                   Type           Power        Failure   Level
 Sticky Flame             Conj/Fire      23%          7%          4
 Corona                   Hex            1%           13%         1
 Dazzling Flash           Conj/Hex       18%          13%         3
 Ensorcelled Hibernation  Hex/Ice        2%           21%         2
 Confusing Touch          Hex            1%           38%         3
 Tukima's Dance           Hex            1%           38%         3
 Fireball                 Conj/Fire      11%          21%         5


Dungeon Overview and Level Annotations

Branches:
Dungeon (5/15)
 Temple: D:4-7

Altars:
Fedhas
Hepliaklqana
Nemelex Xobeh
Okawaru
Qazlal
Yredelemnul


Innate Abilities, Weirdness & Mutations

You cannot wear most types of armour.
You are very stealthy in the water. (Stealth+)
You are amphibious.
You can wear up to eight rings at the same time.
You can use your tentacles to constrict eight enemies at once.
Your skin changes colour to match your surroundings (Stealth+).
Your rubbery body absorbs attacks. (AC +1, EV +1)
You are partially covered in rugged brown scales. (AC +1, +3% HP)
You have an increased reservoir of magic. (+10% MP)
Your spells are a little easier to cast, but a little less powerful.


Message History

The orc wizard is severely wounded.
Something hits you. Something shocks you.
You barely miss the orc wizard.
The orc wizard is severely wounded.
You constrict the orc wizard.
The orc wizard hits you with a +0 dagger.
Something hits you. Something shocks you.
* * * LOW HITPOINT WARNING * * *
The orc wizard hits you but does no damage.
You feel better.
You constrict the orc wizard.
You kill the orc wizard!
Something hits you.
* * * LOW HITPOINT WARNING * * *
Something shocks you.
* * * LOW HITPOINT WARNING * * *
As you read the scroll of teleportation, it crumbles to dust.
You feel strangely unstable. Something hits you.
* * * LOW HITPOINT WARNING * * *
Something shocks you.
You die...

#####
#...##########
#............#
#....###.###.##
##.#.#
#.##...## ##
#.#.#
#.#.....#....
#.#.#
#..........#
#.#.#
#####)######
#.#.# #@# #.#.#
#{# #.#.. ..#
##.# #... #..#
.... #..##
......
#####...#
......
.......##
##......
#####..#


There were no monsters in sight!

Vanquished Creatures
  Eustachio (D:3)
  A sky beast (D:5)
  An orc warrior (D:4)
  2 ogres (D:4)
  5 orc priests
  A hound (D:5)
  Jessica (D:2)
  8 orc wizards
  2 gnolls (D:3)
  6 adders
  An ufetubus (D:5)
  2 worms (D:2)
  4 dart slugs
  24 orcs
  2 ball pythons
  3 giant cockroaches
  2 gnoll zombies (D:3)
  13 goblins
  10 hobgoblins
  18 jackals
  3 quokkas
  7 bats
  4 frilled lizards
  8 kobolds
  3 rats
132 creatures vanquished.

Vanquished Creatures (others)
  A bat (D:2)
  570 foxfires
571 creatures vanquished.

Grand Total: 703 creatures vanquished

Notes
Turn   | Place    | Note
-------+----------+-------------------------------------------
     0 | D:1      | rabbi the Octopode Fire Elementalist began the quest for
                  | the Orb.
     0 | D:1      | Reached XP level 1. HP: 11/11 MP: 3/3
   252 | D:1      | Reached XP level 2. HP: 3/17 MP: 0/5
   927 | D:1      | Reached skill level 4 in Fire Magic
  1044 | D:1      | Reached XP level 3. HP: 20/21 MP: 4/6
  2268 | D:2      | Reached XP level 4. HP: 6/27 MP: 0/7
  2610 | D:2      | Reached skill level 5 in Fire Magic
  2697 | D:2      | Noticed Jessica
  2712 | D:2      | Killed Jessica
  2970 | D:2      | Reached XP level 5. HP: 30/31 MP: 3/8
  3036 | D:2      | Reached skill level 6 in Fire Magic
  3679 | D:2      | Found a hazy altar of Hepliaklqana.
  3872 | D:2      | Learned a level 3 spell: Conjure Flame
  3876 | D:2      | Learned a level 3 spell: Inner Flame
  4100 | D:3      | Found an iron altar of Okawaru.
  4135 | D:3      | Reached XP level 6. HP: 36/36 MP: 0/9
  4302 | D:3      | Found a sparkling altar of Nemelex Xobeh.
  4890 | D:3      | Reached skill level 7 in Fire Magic
  5108 | D:3      | Found a blossoming altar of Fedhas.
  5833 | D:3      | Found a basalt altar of Yredelemnul.
  5862 | D:4      | Noticed Eustachio
  6332 | D:4      | Reached XP level 7. HP: 41/41 MP: 5/10
  6724 | D:4      | Reached skill level 8 in Fire Magic
  7227 | D:3      | Killed Eustachio
  7384 | D:3      | Gained mutation: You do not regenerate when monsters are
                  | visible. [potion of mutation]
  7384 | D:3      | Gained mutation: Your muscles are strong. (Str +2) [potion
                  | of mutation]
  7384 | D:3      | Gained mutation: You have an increased reservoir of magic.
                  | (+10% MP) [potion of mutation]
  7855 | D:4      | Found a stormy altar of Qazlal.
  7899 | D:4      | Lost mutation: Your muscles are strong. (Str +2) [potion of
                  | mutation]
  7899 | D:4      | Lost mutation: You do not regenerate when monsters are
                  | visible. [potion of mutation]
  7899 | D:4      | Gained mutation: Your spells are a little easier to cast,
                  | but a little less powerful. [potion of mutation]
  7899 | D:4      | Gained mutation: You are partially covered in rugged brown
                  | scales. (AC +1, +3% HP) [potion of mutation]
  7931 | D:4      | Reached XP level 8. HP: 47/47 MP: 7/12
  8045 | D:4      | Noticed an air elemental
  8045 | D:4      | Noticed a water elemental
  8391 | D:4      | Reached skill level 5 in Conjurations
  8540 | D:5      | Entered Level 5 of the Dungeon
  8778 | D:5      | Slain by a sky beast

Illustrated notes

Levels and vault maps discovered:
D:1:      ebering_trefoil_twist, layout_loops_ring
D:2:      layout_rooms, nzn_hepliaklqana_mist_gate, kennysheep_jessica_study
D:3:      layout_basic, nemelex_altar_shiori, overflow_temple_1_default,
          okawaru_altar_gauntlet_db, lemuel_zombie_altar_yredelemnul
D:4:      layout_rooms, nicolae_qazlal_style_of_elements, uniq_eustachio
D:5:      lemuel_upstairs_altar, layout_loops_corners, basic_altar

Skill      XL: |  1  2  3  4  5  6  7  8 |
---------------+-------------------------+-----
Fire Magic     | 4 5 6 7 8 |  8.7
Conjurations   | 4 5 |  5.3
Dodging        | |  2.0
Stealth        | |  2.6
Spellcasting   | |  2.0

Action                   |  1- 3 |  4- 6 |  7- 9 || total
-------------------------+-------+-------+-------++-------
Melee: Unarmed           |    21 |       |       ||    21
       Constrict         |     8 |     5 |     2 ||    15
       Staff             |     5 |    16 |       ||    21
       Tentacles         |     4 |     3 |     1 ||     8
       Falchion          |       |       |     2 ||     2
 Cast: Foxfire           |    79 |   179 |   109 ||   367
       Inner Flame       |       |       |     2 ||     2
       Conjure Flame     |       |       |     2 ||     2
  Use: Potion            |     1 |     3 |     5 ||     9
       Scroll            |       |       |     7 ||     7
Armor: Skin              |    19 |     5 |     5 ||    29
Dodge: Dodged            |    84 |    68 |    42 ||   194
       Rpst.: Falchion   |       |       |     2 ||     2
